 Dungeon Crawl Stone Soup version 0.31-a0-7-g51783674b7 (webtiles) character file.

Game seed: 17136886144851873147

3690 Barriton the Magician (level 9, -3/70 HPs)
             Began as a Green Draconian Conjurer on May 2, 2023.
             Shot with an arrow by a centaur warrior (11 damage)
             ... on level 8 of the Dungeon on May 5, 2023.
             The game lasted 00:15:17 (8096 turns).

Barriton the Magician (Green Draconian Conjurer)    Turns: 8096, Time: 00:15:18

Health: -3/70      AC: 13    Str: 10    XL:     9   Next: 90%
Magic:  8/19       EV: 13    Int: 22    God:
Gold:   525        SH:  0    Dex: 10    Spells: 18/22 levels left

rFire   . . .        m - staff of death
rCold   . . .        (no shield)
rNeg    + . .        (body armour unavailable)
rPois   +            (helmet restricted)
rElec   .            j - +0 cloak
rCorr   .            (no gloves)
SInv    .            g - +0 pair of boots
Will    .....        c - amulet of regeneration
Stlth   ++           r - +4 ring of protection
HPRegen 1.11/turn    (no ring)
MPRegen 0.16/turn

%: no passive effects
@: no status effects
A: breathe noxious fumes, AC +7, unfitting armour, poison resistance,
cold-blooded
a: Breathe Noxious Fumes


You were on level 8 of the Dungeon.
You visited 1 branch of the dungeon, and saw 8 of its levels.

You collected 525 gold pieces.

Inventory:

Armour
 g - a +0 pair of boots (worn)
 j - a +0 cloak (worn)
 w - +0 steam dragon scales
Magical Staves
 e - a staff of fire
 m - a staff of death (weapon)
Jewellery
 c - an amulet of regeneration (around neck)
 r - a +4 ring of protection (left hand)
Wands
 p - a wand of digging (5)
 t - a wand of iceblast (13)
 v - a wand of flame (9)
Scrolls
 d - 2 scrolls of fog
 n - 2 scrolls of blinking
 q - 2 scrolls of poison
 s - a scroll of magic mapping
 u - 2 scrolls of teleportation
Potions
 b - 8 potions of curing
 f - 2 potions of degeneration
 h - a potion of cancellation
 i - 2 potions of ambrosia
 k - 2 potions of attraction
 l - 2 potions of might {unknown}
 o - 2 potions of berserk rage


   Skills:
 + Level 3.4 Fighting
 + Level 3.0 Staves
 + Level 5.8 Dodging
 + Level 3.0 Stealth
 + Level 2.4 Unarmed Combat
 + Level 7.3 Spellcasting
 + Level 6.7 Conjurations
 + Level 4.1 Transmutations
 + Level 5.2 Poison Magic


You had 18 spell levels left.
You knew the following spells:

 Your Spells              Type           Power      Damage    Failure   Level
a - Magic Dart            Conj           100%       1d8       1%          1
b - Searing Ray           Conj           74%        2d7       1%          2
c - Sting                 Tmut/Pois      100%       1d8       1%          1

Your spell library contained the following spells:

 Spells                   Type           Power      Damage    Failure   Level
 Poisonous Vapours        Pois/Air       38%        N/A       4%          2
 Dazzling Flash           Conj/Hex       44%        N/A       6%          3
 Olgreb's Toxic Radiance  Pois           31%        N/A       9%          4
 Fulminant Prism          Conj/Hex       11%        3d9       21%         4
 Iskenderun's Mystic Bla  Conj/Tloc      22%        2d6       21%         4
 Call Canine Familiar     Summ           8%         N/A       24%         3
 Ozocubu's Armour         Ice            8%         N/A       24%         3
 Portal Projectile        Hex/Tloc       16%        N/A       24%         3
 Vhi's Electric Charge    Tloc/Air       16%        N/A       24%         3
 Arcjolt                  Conj/Air       11%        1d21      50%         5
 Leda's Liquefaction      Hex/Erth       4%         N/A       63%         4
 Ozocubu's Refrigeration  Ice            4%         4d8       100%        7
 Maxwell's Capacitive Co  Air            4%         ∞         100%        8


Dungeon Overview and Level Annotations

Branches:
Dungeon (8/15)             Temple (0/1) D:6
   Lair: D:8-11

Altars:
Dithmenos
Xom

Shops:
D:4 =   D:5 **   D:8 *

Portals:
Bailey: D:8

Annotations:
D:3 2 transporters, bmj180's ghost, amateur DrFE


Innate Abilities, Weirdness & Mutations

You can breathe blasts of noxious fumes.
Your lurid green scales are hard. (AC +7)
You cannot fit into any form of body armour.
Your system is resistant to poisons. (rPois)
You are cold-blooded and may be slowed by cold attacks.


Message History

The centaur warrior shoots an arrow.
The arrow hits you!
The searing ray hits the kobold brigand!
The kobold brigand is severely wounded.
The searing ray hits the centaur warrior!
The centaur warrior is heavily wounded.
You finish channelling your searing ray.
The centaur warrior shoots an arrow.
The arrow hits you! The kobold brigand closely misses you.
The centaur warrior shoots an arrow.
The arrow hits you!
Casting: Searing Ray (safe; 1% risk of failure)
Confirm with . or Enter, or press ? or * to list all spells.
Aiming: Searing Ray (safe; 1% risk of failure)
Press: ? - help, Shift-Dir - straight line, f/p - centaur warrior
Aim: a centaur warrior, wielding a +0 longbow (heavily wounded, 86% to hit)
The searing ray hits the kobold brigand.
The kobold brigand is severely wounded.
The searing ray hits the centaur warrior.
The centaur warrior is heavily wounded. (Press . to maintain the ray.)
The kobold brigand hits you but does no damage.
The centaur warrior shoots an arrow.
The arrow barely misses you.
The searing ray hits the kobold brigand.
The kobold brigand is almost dead.
The searing ray hits the centaur warrior!
The centaur warrior is heavily wounded.
The centaur warrior shoots an arrow.
The arrow hits you!
* * * LOW HITPOINT WARNING * * *
The kobold brigand hits you with a +0 dagger of electrocution.
* * * LOW HITPOINT WARNING * * *
The centaur warrior shoots an arrow.
The arrow hits you!
* * * LOW HITPOINT WARNING * * *
The searing ray hits the kobold brigand.
You kill the kobold brigand!
The searing ray hits the centaur warrior.
The centaur warrior is severely wounded.
You hear a slurping noise.
The jelly eats the door!
A jelly comes into view.
The centaur warrior shoots an arrow.
The arrow hits you!
You die...

#..###.# #.# #.##
#.# #.#
#..###.####.#
##..
#........##.##...
##.###.#.....'''.
#.#...#.....'∩J.
#...###.†...'+'.
##.)####.#)c.....
#..##....@.##..#.
###.).))##.### .#
#....####..# #
#..#.# #.##
.....#.# #. .....
#.# .. ####. ...
.## # #). . #...


You could see a centaur warrior and a jelly.

Vanquished Creatures
  A two-headed ogre (D:8)
  Grinder (D:3)
  A wyvern (D:8)
  A steam dragon (D:8)
  Menkaure (D:4)
  A water moccasin (D:6)
  A black bear (D:5)
  A sky beast (D:6)
  An ogre (D:6)
  A centaur (D:8)
  A kobold brigand (D:8)
  5 phantoms
  A bullfrog (D:6)
  5 scorpions
  4 killer bees (D:7)
  2 jellies
  5 hounds
  6 orc priests
  3 sleepcaps
  2 gnoll boudas (D:5)
  6 iguanas
  4 orc wizards
  Robin (D:3)
  12 gnolls
  8 adders
  A shadow imp (D:7)
  2 white imps
  An ufetubus (D:4)
  2 worms
  4 dart slugs
  20 orcs
  6 endoplasms
  2 giant cockroaches
  9 goblins
  15 hobgoblins
  4 jackals
  14 kobolds
  5 quokkas
  8 ball pythons
  6 bats
  6 frilled lizards
  5 rats
185 creatures vanquished.

Notes
Turn   | Place    | Note
-------+----------+-------------------------------------------
     0 | D:1      | Barriton the Draconian Conjurer began the quest for the
                  | Orb.
     0 | D:1      | Reached XP level 1. HP: 14/14 MP: 3/3
   223 | D:1      | Reached XP level 2. HP: 20/20 MP: 1/5
  1084 | D:2      | Reached XP level 3. HP: 26/26 MP: 1/6
  1153 | D:2      | Learned a level 2 spell: Searing Ray
  1218 | D:2      | Reached skill level 1 in Unarmed Combat
  1606 | D:2      | Found a faded altar of an unknown god.
  1788 | D:3      | Reached skill level 5 in Conjurations
  1788 | D:3      | Reached XP level 4. HP: 33/33 MP: 2/7
  2118 | D:3      | Found a transporter.
  2120 | D:3      | Noticed bmj180's ghost (amateur DrFE)
  2126 | D:3      | Found a transporter.
  2153 | D:3      | Found a shimmering altar of Xom.
  2409 | D:3      | Noticed a scorpion
  2418 | D:3      | Killed a scorpion
  2419 | D:3      | Reached XP level 5. HP: 39/39 MP: 5/8
  2508 | D:3      | Noticed Robin
  2512 | D:3      | Killed Robin
  2820 | D:3      | Noticed Grinder
  2839 | D:3      | Paralysed by Grinder for 5 turns
  2849 | D:3      | Killed Grinder
  2850 | D:3      | Reached skill level 1 in Fighting
  2850 | D:3      | Reached skill level 1 in Staves
  2850 | D:3      | Reached skill level 3 in Spellcasting
  2850 | D:3      | Reached XP level 6. HP: 47/47 MP: 1/10
  3353 | D:4      | Upgraded the game from 0.31-a0-1-g4198be8af4 to
                  | 0.31-a0-7-g51783674b7
  3374 | D:4      | Your scales start taking on a lurid green colour.
  3374 | D:4      | Reached XP level 7. HP: 50/53 MP: 1/12
  3374 | D:4      | Gained mutation: Your system is resistant to poisons.
                  | (rPois) [Green Draconian growth]
  3703 | D:4      | Noticed Menkaure
  3711 | D:4      | Killed Menkaure
  3766 | D:4      | Found Uhuib's Jewellery Shop.
  4160 | D:5      | Entered Level 5 of the Dungeon
  4179 | D:4      | Reached skill level 4 in Spellcasting
  4275 | D:5      | Reached XP level 8. HP: 35/62 MP: 0/14
  4400 | D:5      | Found Giptidok's General Store.
  4402 | D:5      | Found Feful's Specific Store.
  4796 | D:5      | Learned a level 1 spell: Sting
  5167 | D:5      | Reached skill level 1 in Poison Magic
  5309 | D:6      | Reached skill level 1 in Transmutations
  5335 | D:6      | Reached skill level 5 in Spellcasting
  5962 | D:6      | Reached XP level 9. HP: 65/68 MP: 3/17
  6471 | D:6      | Reached skill level 6 in Spellcasting
  6645 | D:6      | Found a staircase to the Ecumenical Temple.
  7212 | D:7      | Found a shadowy altar of Dithmenos.
  7222 | D:7      | Reached skill level 5 in Dodging
  7678 | D:8      | Found a flagged portal.
  7970 | D:8      | Noticed a two-headed ogre
  7995 | D:8      | Killed a two-headed ogre
  7996 | D:8      | Reached skill level 7 in Spellcasting
  7996 | D:8      | Reached skill level 5 in Poison Magic
  8085 | D:8      | Noticed a centaur warrior
  8088 | D:8      | Found Gysokh's Assorted Antiques.
  8096 | D:8      | Shot with an arrow by a centaur warrior

Illustrated notes

Levels and vault maps discovered:
D:1:      dpeg_arrival_simpleton_c, layout_loops_ring, minmay_box_of_dots
D:2:      layout_rooms, chequers_ecumenical_altar_grove
D:3:      minmay_octagon_keep, layout_loops_corners,
          mainiacjoe_overflow_small_starburst, gammafunk_ghost_mausoleum,
          uniq_grinder, uniq_robin
D:4:      layout_basic, serial_shops, nicolae_shop_gaudy_bauble, uniq_menkaure
D:5:      layout_rooms, minivault_4, nicolae_specific_store
D:6:      layout_loops_cross, temple_hall
D:7:      layout_basic, grunt_dithmenos_shadows
D:8:      minmay_the_grid_octo_triangle [minmay_the_grid_octo_horde,
          minmay_the_grid_octo_prize_ultimate_mussel_roller,
          minmay_the_grid_octo_checkerflower], layout_rooms, lair_entry_dummy,
          serial_shops, nicolae_shop_tiny_real_fake_doors, enter_bailey_2

Skill      XL: |  1  2  3  4  5  6  7  8  9 |
---------------+----------------------------+-----
Dodging        | 2 3 4 5 |  5.8
Unarmed Combat | 1 2 |  2.4
Conjurations   | 5 6 |  6.7
Stealth        | 2 3 |  3.0
Fighting       | 1 2 3 |  3.4
Staves         | 1 2 3 |  3.0
Spellcasting   | 3 4 5 7 |  7.3
Poison Magic   | 2 5 |  5.2
Transmutations | 2 4 |  4.1

Action                     |  1- 3 |  4- 6 |  7- 9 || total
---------------------------+-------+-------+-------++-------
  Melee: Unarmed           |    90 |    12 |       ||   102
         Tailslap          |    11 |     6 |    28 ||    45
         Punch             |     1 |     2 |     5 ||     8
         Staff             |       |    37 |   145 ||   182
   Cast: Magic Dart        |    66 |    63 |    85 ||   214
         Searing Ray       |       |     7 |    38 ||    45
         Sting             |       |       |   153 ||   153
Ability: Breathe Noxious F |       |       |     1 ||     1
    Use: Scroll            |     4 |     3 |    10 ||    17
         Potion            |       |     1 |     2 ||     3
 Armour: Skin              |    28 |    38 |   171 ||   237
  Dodge: Dodged            |    52 |    50 |   305 ||   407

Table legend: (Time is in decaauts)
 A = Elapsed time spent in this place.
 B = Non-inter-level travel time spent in this place.
 C = Inter-level travel time spent in this place.
 D = Time resting spent in this place.
 E = Time spent auto-exploring this place.
 F = Levels seen in this place.
 G = Mean time per level.
                   A        B        C        D        E       F      G
               +--------+--------+--------+--------+--------+-----+--------+
         Total |   8120 |   7907 |    213 |      0 |   6534 |   8 | 1015.0 |
       Dungeon |   8120 |   7907 |    213 |      0 |   6534 |   8 | 1015.0 |
               +--------+--------+--------+--------+--------+-----+--------+

Top non-repeatable levels by time:
     D:3: 1423 daAuts
     D:6: 1398 daAuts
     D:4: 1140 daAuts
     D:5: 1108 daAuts
     D:7: 969 daAuts
     D:1: 936 daAuts
     D:2: 713 daAuts
     D:8: 429 daAuts
